 Dungeon Crawl Stone Soup version 0.29.1-1-gd02db6906a (webtiles) character file.

Game seed: 16986089808057274126

4127 DemonSlayer the Thaumaturge (level 10, -10/67 HPs)
             Began as a Demonspawn Fire Elementalist on Oct 4, 2022.
             Killed by an exploding killer bee (14 damage)
             ... ignited by their inner flame
             ... on level 9 of the Dungeon.
             The game lasted 00:28:04 (13628 turns).

DemonSlayer the Thaumaturge (DsFE)                 Turns: 13628, Time: 00:28:04

Health: -10/67     AC: 11    Str: 12    XL:     10   Next: 6%
Magic:  16/23      EV: 14    Int: 20    God:
Gold:   273        SH:  0    Dex: 19    Spells: 1/27 levels left

rFire   . . .      SeeInvis .   k - +3 dagger (vorpal)
rCold   . . .      Faith    .   (no shield)
rNeg    . . .      Spirit   .   a - +1 robe
rPois   .          Reflect  .   d - +1 hat
rElec   .          Harm     .   (cloak unavailable)
rCorr   .          Rampage  .   y - +0 pair of gloves
Will    .....      Clarity  +   (no boots)
Stlth   +++.......              (no amulet)
HPRegen 3.21/turn               w - +4 ring of protection
MPRegen 0.18/turn               t - +6 ring of dexterity

@: no status effects
A: molten scales 1, powered by death 1, weakness stinger 3, clarity, strong 1
a: no special abilities


You were on level 9 of the Dungeon.
You visited 2 branches of the dungeon, and saw 10 of its levels.
You also visited: Sewer and Ossuary.

You collected 1136 gold pieces.
You spent 863 gold pieces at shops.

Inventory:

Hand Weapons
 k - a +3 vorpal dagger (weapon)
Missiles
 E - 2 boomerangs of dispersal
Armour
 a - a +1 robe (worn)
 d - a +1 hat (worn)
 y - a +0 pair of gloves (worn)
Jewellery
 o - a ring of willpower
 t - a +6 ring of dexterity (right hand)
 u - a ring of poison resistance
 w - a +4 ring of protection (left hand)
Wands
 A - a wand of flame (21)
 B - a wand of polymorph (12)
 C - a wand of paralysis (10)
Scrolls
 f - 2 scrolls of immolation
 z - a scroll of amnesia
Potions
 b - 5 potions of flight
 c - 2 potions of lignification
 h - a potion of ambrosia
 i - 3 potions of curing
 j - a potion of cancellation {unknown}
 m - 3 potions of brilliance
 n - a potion of berserk rage {unknown}
 r - a potion of mutation
 s - 3 potions of degeneration {unknown}


   Skills:
 + Level 1.6 Fighting
 + Level 1.5 Short Blades
 + Level 3.5 Dodging
 + Level 4.1 Stealth
 + Level 9.1 Spellcasting
 + Level 1.8 Conjurations
 + Level 8.8 Fire Magic


You had one spell level left.
You knew the following spells:

 Your Spells              Type           Power      Damage    Failure   Level
a - Foxfire               Conj/Fire      100%       2x1d9     1%          1
b - Scorch                Fire           88%        2d9       1%          2
c - Conjure Flame         Conj/Fire      30%        6-21      2%          3
d - Flame Wave            Conj/Fire      30%        2d9       9%          4
e - Summon Guardian Gole  Hex/Summ       9%         N/A       22%         3
f - Hailstorm             Conj/Ice       12%        3d5       45%         4
g - Simulacrum            Ice/Necr       4%         N/A       100%        6
h - Tukima's Dance        Hex            9%         N/A       22%         3

Your spell library contained the following spells:

 Spells                   Type           Power      Damage    Failure   Level
 Inner Flame              Hex/Fire       26%        N/A       3%          3
 Frozen Ramparts          Ice            18%        1d3       22%         3
 Portal Projectile        Hex/Tloc       18%        N/A       22%         3
 Ice Form                 Ice/Tmut       9%         N/A       58%         4
 Summon Ice Beast         Ice/Summ       9%         N/A       58%         4
 Blade Hands              Tmut           4%         N/A       91%         5
 Orb of Destruction       Conj           8%         9d6       100%        7
 Spellforged Servitor     Conj/Summ      6%         N/A       100%        7


Dungeon Overview and Level Annotations

Branches:
Dungeon (9/15)             Temple (1/1) D:5           Sewer (visited)
Ossuary (visited)
   Lair: D:8-11         Orc: D:9-12

Altars:
Cheibriados
Dithmenos
Fedhas
Gozag
Hepliaklqana
Kikubaaqudgha
Nemelex Xobeh
Okawaru
Qazlal
Ru
Sif Muna
Uskayaw
Vehumet
Wu Jian
Xom
Yredelemnul

Shops:
D:3 ([!*   D:5 (   D:6 *

Portals:
Abyss: D:4

Annotations:
D:3 1 transporter, dave1331's ghost, amateur HOFi
D:4 2 transporters, LustLizard's ghost, amateur DsFi


Innate Abilities, Weirdness & Mutations

You are partially covered in molten scales. (AC +2)
You regenerate a little health from kills.
You have a sharp stinger which inflicts weakening toxins.
You possess an exceptional clarity of mind.
Your muscles are strong. (Str +4, Int/Dex -1)


Message History

The killer bee stings you but does no damage.
Okay, then.
Okay, then.
Really read the scroll of immolation?
As you read the scroll of immolation, it crumbles to dust.
The creatures around you are filled with an inner flame!
The killer bee barely misses you.
The killer bee stings you but does no damage.
The killer bee barely misses you.
The orc priest invokes the aid of Beogh against you.
Beogh smites you! The killer bee closely misses you. x2
The killer bee stings you but does no damage.
Flames lash the killer bee.
Flame seeps out of the killer bee.
The killer bee is heavily wounded.
The killer bee's fire resistance burns away.
The killer bee is engulfed in blazing flames.
The killer bee explodes!
The fiery explosion engulfs you!!
* * * LOW HITPOINT WARNING * * *
The fiery explosion engulfs the orc warrior!!
The orc warrior is almost dead.
The killer bee stings you.
* * * LOW HITPOINT WARNING * * *
The killer bee barely misses you.
You feel a bit more experienced.
You hear an explosion!
The fiery explosion engulfs the killer bee!!
The fiery explosion engulfs the orc warrior!!
You kill the orc warrior!
The killer bee explodes!
The fiery explosion engulfs you!
* * * LOW HITPOINT WARNING * * *
The fiery explosion engulfs the killer bee!
Flame seeps out of the killer bee.
The killer bee is almost dead.
The fiery explosion engulfs the orc priest!!
The fiery explosion engulfs the orc!!
The orc explodes!
The orc priest explodes!
The fiery explosion engulfs the killer bee!!
The killer bee explodes!
The fiery explosion engulfs you!
You die...

*+** *,** **********,** ,,* *,,*
**,,,,,,* *** **,* *,,****** *
*****###+########+####* *
***,,,,.....#...........* * *
*,+,,,,.................* ***
***,*,,,,.......#§#.#.....* *,+
*,,,*,,,,.......§○§§......* *,*
',***,,,,,,#..#§@#.#..#..#*****,*
*** ******+#...§○§§§.....#+,,,,,*
* *,#..#§#§§§#.#..#*******
**#.....§§......# #..#..#.#!.#..#
***#.......D.....# **
***,......#.#.#...## * ,*
*,,,........,....##******** ,*
****,*,,.....!.,.....,,,,,*,,+


You could see an acid dragon (inner flame).

Vanquished Creatures
  A steam dragon (D:7)
  3 water moccasins
  2 orc warriors
  A sky beast (D:8)
  2 black bears
  2 centaurs
  An ogre (D:6)
  2 kobold brigands
  2 necrophages (D:5)
  2 elf zombies (Ossuary)
  4 scorpions
  A water moccasin zombie (D:5)
  3 elf skeletons (D:8)
  A gnoll sergeant (D:8)
  14 wights
  9 killer bees (D:9)
  2 howler monkeys
  3 bullfrog zombies (D:5)
  A centaur zombie (Ossuary)
  2 human zombies
  A jelly (D:6)
  6 orc priests
  2 hounds (D:4)
  A gnoll bouda (D:6)
  2 iguanas (D:6)
  2 human skeletons (D:8)
  3 orc wizards
  A hound zombie (D:5)
  4 mummies
  12 gnolls
  10 adders
  8 river rats (Sewer)
  2 shadow imps
  3 white imps
  4 adder zombies
  A worm (D:5)
  5 dart slugs
  22 orcs
  13 ball pythons
  6 bats
  4 endoplasms
  8 giant cockroaches
  7 goblins
  7 hobgoblins
  18 kobolds
  8 quokkas
  8 frilled lizards
  2 goblin zombies (Ossuary)
  6 hobgoblin zombies (Ossuary)
  A jackal zombie (Ossuary)
  14 kobold zombies (Ossuary)
  6 orc zombies (Ossuary)
  13 rats
  A rat zombie (Ossuary)
269 creatures vanquished.

Vanquished Creatures (others)
  184 foxfires
184 creatures vanquished.

Grand Total: 453 creatures vanquished

Notes
Turn   | Place    | Note
-------+----------+-------------------------------------------
     0 | D:1      | DemonSlayer the Demonspawn Fire Elementalist began the
                  | quest for the Orb.
     0 | D:1      | Reached XP level 1. HP: 13/13 MP: 3/3
   174 | D:1      | Gained mutation: You have a small tail. [demonic ancestry]
   174 | D:1      | Reached XP level 2. HP: 15/19 MP: 0/5
   210 | D:1      | Learned a level 2 spell: Scorch
  1054 | D:1      | Gained mutation: You are partially covered in molten
                  | scales. (AC +2) [demonic ancestry]
  1054 | D:1      | Reached XP level 3. HP: 9/24 MP: 4/6
  1851 | D:1      | Learned a level 3 spell: Conjure Flame
  2171 | D:2      | Gained mutation: You regenerate a little health from kills.
                  | [demonic ancestry]
  2171 | D:2      | Reached XP level 4. HP: 30/30 MP: 4/7
  2915 | D:2      | Found a faded altar of an unknown god.
  3101 | D:3      | Found a blossoming altar of Fedhas.
  3113 | D:3      | Found Lotwupei's Antique Armour Emporium.
  3118 | D:3      | Bought a glowing hat for 133 gold pieces
  3198 | D:3      | Found Olur's Weapon Shop.
  3320 | D:3      | Found Kiluutem's Distillery.
  3429 | D:3      | Found a transporter.
  3429 | D:3      | Found Qeseimm's Assorted Antiques.
  3433 | D:3      | Noticed dave1331's ghost (amateur HOFi)
  3436 | D:3      | Noticed an ogre
  3441 | D:3      | Bought a viscous purple potion for 23 gold pieces
  3441 | D:3      | Bought a pink potion for 23 gold pieces
  3441 | D:3      | Bought a red potion for 23 gold pieces
  3545 | D:3      | Noticed an ogre
  3781 | D:3      | Identified a scroll of acquirement
  3781 | D:3      | Acquired 636 gold pieces
  3938 | D:3      | Bought a scroll of teleportation for 78 gold pieces
  3938 | D:3      | Bought a scorched cloak for 247 gold pieces
  3938 | D:3      | Identified the -1 cloak of Cuymomoj {Fly rPois} (You bought
                  | it in a shop on level 3 of the Dungeon)
  3963 | D:3      | Bought a potion of mutation for 112 gold pieces
  3963 | D:3      | Bought a potion of heal wounds for 70 gold pieces
  3963 | D:3      | Bought a potion of magic for 112 gold pieces
  4064 | D:4      | Reached XP level 5. HP: 34/35 MP: 3/9
  4428 | D:4      | Found a shimmering altar of Xom.
  4534 | D:4      | Found a transporter.
  4699 | D:4      | Found a transporter.
  4710 | D:4      | Found a one-way gate to the infinite horrors of the Abyss.
  4710 | D:4      | Noticed LustLizard's ghost (amateur DsFi)
  5076 | D:5      | Entered Level 5 of the Dungeon
  5177 | D:5      | Found a glowing drain.
  5188 | Sewer    | Entered a sewer
  5320 | Sewer    | Reached XP level 6. HP: 24/42 MP: 0/10
  5449 | Sewer    | Reached skill level 3 in Spellcasting
  5967 | D:5      | Reached skill level 5 in Fire Magic
  6081 | D:5      | Found an ancient bone altar of Kikubaaqudgha.
  6234 | D:5      | Found a staircase to the Ecumenical Temple.
  6262 | D:5      | Reached skill level 4 in Spellcasting
  6262 | D:5      | Gained mutation: You have a tail ending in a sharp stinger.
                  | [demonic ancestry]
  6262 | D:5      | Reached XP level 7. HP: 27/47 MP: 1/13
  6359 | Temple   | Entered the Ecumenical Temple
  6486 | D:5      | Found an opulent altar of Gozag.
  6916 | D:5      | Found a basalt altar of Yredelemnul.
  7688 | D:5      | Found a snail-covered altar of Cheibriados.
  7784 | D:5      | Reached skill level 5 in Spellcasting
  8061 | D:5      | Found a shadowy altar of Dithmenos.
  8161 | D:5      | Found Geagilol's Weapon Shoppe.
  8172 | D:5      | Learned a level 4 spell: Flame Wave
  8224 | D:6      | Reached XP level 8. HP: 53/53 MP: 8/16
  8474 | D:6      | Found Imoorala's General Store.
  8478 | D:6      | Bought a scroll of teleportation for 42 gold pieces
  8485 | D:6      | Found a stormy altar of Qazlal.
  8488 | D:6      | Noticed an air elemental
  8767 | D:6      | Reached skill level 6 in Spellcasting
  8780 | D:6      | Reached skill level 1 in Short Blades
  8782 | D:6      | Reached skill level 1 in Fighting
 10022 | D:7      | Reached skill level 7 in Spellcasting
 10022 | D:7      | Reached XP level 9. HP: 56/59 MP: 2/19
 10669 | D:7      | Learned a level 3 spell: Summon Guardian Golem
 10674 | D:7      | Learned a level 4 spell: Hailstorm
 10740 | D:8      | Gained mutation: Your muscles are strong. (Str +4, Int/Dex
                  | -1) [potion of mutation]
 10740 | D:8      | Gained mutation: You possess an exceptional clarity of
                  | mind. [potion of mutation]
 10785 | D:8      | Found a sand-covered staircase.
 10914 | Ossuary  | Entered an ossuary
 11778 | Ossuary  | Learned a level 6 spell: Simulacrum
 11906 | D:8      | Reached skill level 8 in Spellcasting
 13312 | D:8      | Found an iron altar of Okawaru.
 13329 | D:8      | Gained mutation: You have a sharp stinger which inflicts
                  | weakening toxins. [demonic ancestry]
 13329 | D:8      | Reached XP level 10. HP: 66/66 MP: 7/22
 13551 | D:8      | Learned a level 3 spell: Tukima's Dance
 13600 | D:9      | Reached skill level 9 in Spellcasting
 13614 | D:9      | Found a radiant altar of Vehumet.
 13628 | D:9      | Killed by an exploding killer bee... ignited by their inner
                  | flame

Illustrated notes

Levels and vault maps discovered:
D:1:      roderic_octagonal_star, layout_basic, minmay_pentomino_x4
D:2:      minmay_inner_zag, layout_loops_ring,
          hellmonk_ecumenical_altar_leap_of_faith
D:3:      layout_basic, mainiacjoe_overflow_catwalk, serial_shops, shop,
          nicolae_shop_window_shopping, shop, nicolae_shop_bloodbath_and_beyond,
          gammafunk_ghost_smash
D:4:      layout_loops_corners, dreamdust_divine_triumvirate,
          mainiacjoe_overflow_alcove_2, gammafunk_ghost_abyssal_escape
D:5:      layout_loops_ring, lemuel_coloured_pillars_altar,
          mainiacjoe_overflow_catch_the_wave,
          lemuel_mausoleum_altar_yredelemnul, chei_slow_surprise,
          minmay_temple_entry_glass, serial_shops, kennysheep_little_box,
          gup_sewer_entry_pipe
D:6:      layout_rooms, nicolae_qazlal_style_of_elements, serial_shops, shop
D:7:      layout_loops_corners
D:8:      layout_basic, mainiacjoe_overflow_surrounded_room,
          nicolae_ossuary_entry_catacombs, minmay_checkerbox
D:9:      layout_roguey, nicolae_vehumet_radiance, lightli_temple_of_fire
Temple:   hellmonk_temple_two_chambers

Skill      XL: |  1  2  3  4  5  6  7  8  9 10 |
---------------+-------------------------------+-----
Fire Magic     | 3 4 5 6 7 8 |  8.8
Dodging        | 2 3 |  3.5
Stealth        | 2 3 4 |  4.1
Spellcasting   | 4 5 7 8 9 |  9.1
Short Blades   | 1 |  1.5
Fighting       | 1 |  1.6
Conjurations   | |  1.8

Action                   |  1- 3 |  4- 6 |  7- 9 | 10-12 || total
-------------------------+-------+-------+-------+-------++-------
Melee: Dagger            |    53 |    84 |    70 |     2 ||   209
       Tailslap          |     8 |    10 |     9 |       ||    27
 Cast: Foxfire           |    69 |       |    53 |       ||   122
       Scorch            |     6 |    89 |   237 |    14 ||   346
Evoke: Wand              |       |       |     6 |       ||     6
  Use: Potion            |     2 |     4 |     6 |     3 ||    15
       Scroll            |       |    13 |    18 |     4 ||    35
 Stab: Sleeping          |     8 |     8 |     2 |       ||    18
       Invisible         |       |       |     2 |       ||     2
Armor: Robe              |    18 |    32 |    74 |    26 ||   150
Dodge: Dodged            |    39 |    54 |   121 |    42 ||   256
